 Dungeon Crawl Stone Soup version 0.30-a0-738-g116ff8c4af (webtiles) character file.

Game seed: 9754559144080165916

77 M4edhros the Insei (level 4, -1/42 HPs)
             Began as an Octopode Transmuter on Feb 2, 2023.
             Slain by Pikel
             ... wielding a +2 whip of freezing
              (5 damage)
             ... on level 4 of the Dungeon.
             The game lasted 00:00:56 (632 turns).

M4edhros the Insei (Octopode Transmuter)             Turns: 632, Time: 00:00:57

Health: -1/42      AC: 22    Str:  9    XL:     4   Next: 34%
Magic:  7/7        EV:  2    Int: 15    God:
Gold:   96         SH:  0    Dex: 14    Spells: 6/7 levels left

rFire   . . .      SeeInvis .      - Unarmed
rCold   . . .      Faith    .    (no shield)
rNeg    . . .      Spirit   .    (helmet currently unavailable)
rPois   +          Reflect  .    (no amulet)
rElec   .          Harm     .    (no ring)
rCorr   .          Rampage  .    (no ring)
Will    .....      NoTele   +    (no ring)
Stlth   +                        (no ring)
HPRegen 0.27/turn                (no ring)
MPRegen 0.10/turn                (no ring)
                                 (no ring)
                                 (no ring)

@: tree-form
A: stationary, stasis, torment immunity, boosted hp, almost no armour,
(amphibious), 8 rings, (camouflage 1), (gelatinous body 1), (nimble swimmer 1),
(tentacles)
a: no special abilities


You were on level 4 of the Dungeon.
You were a tree.
You visited 1 branch of the dungeon, and saw 4 of its levels.

You collected 96 gold pieces.

Inventory:

Missiles
 e - 4 javelins
Jewellery
 h - an amulet of guardian spirit
Scrolls
 b - a scroll of noise {unknown}
 d - a scroll of amnesia {unknown}
 f - a scroll of teleportation {unknown}
Potions
 c - a potion of brilliance
 g - a potion of curing {unknown}


   Skills:
 - Level 1.0 Fighting
 - Level 2.0 Dodging
 + Level 4.1 Unarmed Combat
 - Level 2.0 Spellcasting
 + Level 3.4 Transmutations


You had 6 spell levels left.
You knew the following spells:

 Your Spells              Type           Power      Damage    Failure   Level
a - Beastly Appendage     Tmut           22%        N/A       5%          1

Your spell library contained the following spells:

 Spells                   Type           Power      Damage    Failure   Level
 Wereblood                Tmut           11%        N/A       9%          2
 Spider Form              Tmut/Pois      6%         N/A       32%         3
 Ice Form                 Ice/Tmut       6%         N/A       73%         4


Dungeon Overview and Level Annotations

Branches:
Dungeon (4/15)
 Temple: D:4-7

Altars:
Kikubaaqudgha

Annotations:
D:4 Pikel


Innate Abilities, Weirdness & Mutations

You are a tree.
Your roots penetrate the ground, keeping you stationary.
You cannot be teleported.
You are immune to unholy pain and torment.
Your maximum health is greatly increased.
You cannot wear most types of armour.
((You are amphibious.))
You can wear up to eight rings at the same time.
((Your skin changes colour to match your surroundings (Stealth+).))
((Your rubbery body absorbs attacks. (AC +1, EV +1)))
((You are camouflaged when in or above water. (Stealth+)))
((You have tentacles for arms and can constrict up to eight enemies at once.))


Message History

Your Unarmed Combat skill increases to level 4!
You have reached level 4!
Pikel, Merchant of Souls comes into view.
He is wielding a +2 whip of freezing.
Pikel is nearby!
Pikel is nearby!
A lemure comes into view.
A lemure comes into view.
Pikel shouts!
A lemure comes into view.
A lemure comes into view.
The lemure shouts!
Pikel says, "Hell isn't that bad."
You tentacle-slap Pikel but do no damage.
Your grab misses Pikel.
Your tentacle-slap misses Pikel.
Pikel hits you with a +2 whip of freezing!
Pikel freezes you.
You closely miss Pikel. Your grab misses Pikel. Your squeeze misses Pikel.
Pikel hits you with a +2 whip of freezing!
* * * LOW HITPOINT WARNING * * *
Pikel freezes you.
* * * LOW HITPOINT WARNING * * *
You are too injured to fight recklessly!
Really quaff the potion of lignification?
You turn into a tree.
Your roots penetrate the ground.
Pikel hits you but does no damage.
You hit Pikel but do no damage. Pikel hits you but does no damage.
You closely miss Pikel. Pikel hits you but does no damage.
You hit Pikel.
Pikel is lightly wounded.
Pikel hits you but does no damage.
You smack Pikel!
Pikel is moderately wounded.
Pikel hits you with a +2 whip of freezing.
* * * LOW HITPOINT WARNING * * *
Pikel freezes you.
* * * LOW HITPOINT WARNING * * *
You smack Pikel!
Pikel is heavily wounded.
Pikel hits you with a +2 whip of freezing.
You die...

.#
#.............######
.#
###.................
.# #...###.##..#####
#..## #.##..######
#...# #.##†......#
...... ..###.####.#
###.... ### #.#
##.#. #.# #♣# #K#
#55 #55. ...## ....
...# ##.##


You could see Pikel and 4 lemures.

Vanquished Creatures
  A hound (D:4)
  3 gnolls (D:3)
  A worm (D:4)
  2 endoplasms (D:1)
  2 goblins
  2 hobgoblins (D:1)
  3 ball pythons
  A frilled lizard (D:1)
  A kobold (D:3)
  2 rats
18 creatures vanquished.

Notes
Turn   | Place    | Note
-------+----------+-------------------------------------------
     0 | D:1      | M4edhros the Octopode Transmuter began the quest for the
                  | Orb.
     0 | D:1      | Reached XP level 1. HP: 13/13 MP: 3/3
    41 | D:1      | Reached XP level 2. HP: 12/18 MP: 5/5
   219 | D:3      | Reached XP level 3. HP: 17/23 MP: 6/6
   347 | D:4      | Found an ancient bone altar of Kikubaaqudgha.
   605 | D:4      | Reached skill level 4 in Unarmed Combat
   605 | D:4      | Reached XP level 4. HP: 24/28 MP: 7/7
   620 | D:4      | Noticed Pikel
   622 | D:4      | Noticed a lemure
   623 | D:4      | Noticed a lemure
   623 | D:4      | Noticed a lemure
   624 | D:4      | Noticed a lemure
   632 | D:4      | Slain by Pikel

Illustrated notes

Levels and vault maps discovered:
D:1:      minmay_arrival_split_and_join, layout_basic, grunt_decor_one_mirror
D:2:      layout_basic, hellmonk_ecumenical_altar_pennies_from_heaven,
          uniq_natasha, uniq_robin
D:3:      layout_basic
D:4:      layout_loops_ring, mainiacjoe_overflow_small_starburst,
          nicolae_shop_vocational, uniq_pikel

Skill      XL: |  1  2  3 |
---------------+----------+-----
Transmutations | 3 |  3.4
Unarmed Combat | 4 |  4.1
Fighting       | |  1.0
Dodging        | |  2.0
Spellcasting   | |  2.0

Action                     |  1- 3 |  4- 6 || total
---------------------------+-------+-------++-------
  Melee: Unarmed           |    46 |     7 ||    53
         Tentacles         |    12 |       ||    12
         Constrict         |    11 |       ||    11
         Punch             |     4 |       ||     4
    Use: Potion            |     1 |     1 ||     2
   Stab: Sleeping          |     3 |       ||     3
 Armour: Skin              |       |     4 ||     4
  Dodge: Dodged            |    22 |       ||    22

Table legend: (Time is in decaauts)
 A = Elapsed time spent in this place.
 B = Non-inter-level travel time spent in this place.
 C = Inter-level travel time spent in this place.
 D = Time resting spent in this place.
 E = Time spent auto-exploring this place.
 F = Levels seen in this place.
 G = Mean time per level.
                   A        B        C        D        E       F      G
               +--------+--------+--------+--------+--------+-----+--------+
         Total |    627 |    621 |      6 |      0 |    468 |   4 |  156.8 |
       Dungeon |    627 |    621 |      6 |      0 |    468 |   4 |  156.8 |
               +--------+--------+--------+--------+--------+-----+--------+

Top non-repeatable levels by time:
     D:4: 282 daAuts
     D:3: 160 daAuts
     D:1: 109 daAuts
     D:2: 74 daAuts
